 Dungeon Crawl Stone Soup version 0.30-a0-622-gddc90eaa04 (webtiles) character file.

Game seed: 1437552404950680274

58 gelatine the Firebug (level 3, -1/24 HPs)
             Began as a Demonspawn Fire Elementalist on Jan 10, 2023.
             Slain by a gnoll
             ... wielding a +0 flail
              (8 damage)
             ... on level 2 of the Dungeon.
             The game lasted 00:04:20 (1958 turns).

gelatine the Firebug (Demonspawn Fire Elementalist) Turns: 1958, Time: 00:04:21

Health: -1/24      AC:  5    Str:  8    XL:     3   Next: 76%
Magic:  3/7        EV: 12    Int: 18    God:
Gold:   52         SH:  0    Dex: 13    Spells: 4/7 levels left

rFire   . . .      SeeInvis .    j - +1 short sword (flame)
rCold   . . .      Faith    .    (no shield)
rNeg    . . .      Spirit   .    a - +0 robe
rPois   .          Reflect  .    (no helmet)
rElec   .          Harm     .    h - +1 cloak
rCorr   .          Rampage  .    k - +0 pair of gloves
Will    .....                    (no boots)
Stlth   ++                       (no amulet)
HPRegen 0.24/turn                (no ring)
MPRegen 0.10/turn                (no ring)

@: no status effects
A: claws 1, powered by death 1
a: no special abilities


You were on level 2 of the Dungeon.
You visited 1 branch of the dungeon, and saw 2 of its levels.

You collected 52 gold pieces.

Inventory:

Hand Weapons
 e - a +0 dagger
 j - a +1 short sword of flaming (weapon)
Missiles
 i - 3 curare-tipped darts
Armour
 a - a +0 robe (worn)
 h - a +1 cloak (worn)
 k - a +0 pair of gloves (worn)
Scrolls
 g - a scroll of brand weapon
 l - 2 scrolls of vulnerability {unknown}
 m - a scroll of enchant weapon {unknown}


   Skills:
 + Level 0.1 Short Blades
 + Level 1.9 Dodging
 + Level 2.0 Stealth
 + Level 2.6 Spellcasting
 + Level 1.6 Conjurations
 + Level 3.4 Fire Magic


You had 4 spell levels left.
You knew the following spells:

 Your Spells              Type           Power      Damage    Failure   Level
a - Foxfire               Conj/Fire      44%        2x1d6     6%          1
b - Scorch                Fire           28%        2d6       6%          2

Your spell library contained the following spells:

 Spells                   Type           Power      Damage    Failure   Level
 Inner Flame              Hex/Fire       8%         N/A       26%         3
 Kindle Blastsparks       Fire/Tloc/Air  12%        2d11      32%         3
 Flame Wave               Conj/Fire      11%        2d6       52%         4


Dungeon Overview and Level Annotations

Branches:
Dungeon (2/15)

Altars:


Innate Abilities, Weirdness & Mutations

You have sharp fingernails.
You regenerate a little health from kills.


Message History

The foxfire hits the gnoll but does no damage.
The gnoll is severely wounded.
The gnoll closely misses you.
You hit the gnoll. You burn the gnoll.
The gnoll is almost dead.
The gnoll barely misses you.
You hit the gnoll but do no damage.
The gnoll is almost dead.
The gnoll closely misses you.
You hit the gnoll. You burn the gnoll.
You kill the gnoll!
Your Stealth skill increases to level 2!
Things that are here:
a +0 flail; a gnoll corpse Done exploring.
There is a stone staircase leading down here.
You climb downwards.
The gnoll barely misses you.
There is a stone staircase leading up here.
You conjure some foxfire!
The gnoll closely misses you.
You conjure some foxfire!
The foxfire hits the gnoll but does no damage. x2
The gnoll hits you with a +0 flail!
You conjure some foxfire!
The foxfire hits the gnoll.
The gnoll is heavily wounded.
The foxfire hits the gnoll.
The gnoll is heavily wounded.
The gnoll hits you with a +0 flail.
You conjure some foxfire!
The foxfire hits the gnoll but does no damage.
The foxfire hits the gnoll.
The gnoll is severely wounded.
The gnoll hits you with a +0 flail.
The gnoll hits you from afar with a +0 spear.
* * * LOW HITPOINT WARNING * * *
The foxfire hits the gnoll.
The gnoll is almost dead.
The foxfire hits the gnoll.
The gnoll is almost dead.
The gnoll hits you with a +0 flail!
You die...

####.#.######
##...........##
##.............##
#...............#
#...............#
#..÷............#
#.....g.........#
#..§............#
##..@.......†..##
##.g...#.....##
#############


You could see 2 gnolls.

Vanquished Creatures
  2 gnolls (D:1)
  A dart slug (D:1)
  A bat (D:1)
  5 endoplasms
  3 giant cockroaches (D:1)
  3 goblins (D:1)
  3 hobgoblins
  3 jackals (D:2)
  A quokka (D:1)
  5 ball pythons (D:1)
  A frilled lizard (D:1)
  2 kobolds (D:1)
  4 rats (D:1)
34 creatures vanquished.

Vanquished Creatures (others)
  110 foxfires
110 creatures vanquished.

Grand Total: 144 creatures vanquished

Notes
Turn   | Place    | Note
-------+----------+-------------------------------------------
     0 | D:1      | gelatine the Demonspawn Fire Elementalist began the quest
                  | for the Orb.
     0 | D:1      | Reached XP level 1. HP: 13/13 MP: 3/3
   157 | D:1      | Reached skill level 3 in Fire Magic
   182 | D:1      | Gained mutation: You regenerate a little health from kills.
                  | [demonic ancestry]
   182 | D:1      | Reached XP level 2. HP: 19/19 MP: 1/5
   324 | D:1      | Found a faded altar of an unknown god.
   388 | D:1      | Learned a level 2 spell: Scorch
  1361 | D:1      | Gained mutation: You have sharp fingernails. [demonic
                  | ancestry]
  1361 | D:1      | Reached XP level 3. HP: 24/24 MP: 3/6
  1736 | D:1      | HP: 1/24 [gnoll/+0 flail (7)]
  1958 | D:2      | Slain by a gnoll

Illustrated notes

Levels and vault maps discovered:
D:1:      elethiomel_arrival_shortcut, layout_basic,
          shapermc_ecumenical_altar_mp_urbaneastern
D:2:      layout_rooms, uniq_crazy_yiuf_cottage

Skill      XL: |  1  2  3 |
---------------+----------+-----
Fire Magic     | 3 |  3.4
Stealth        | 2 |  2.0
Short Blades   | |  0.1
Dodging        | |  1.9
Spellcasting   | |  2.6
Conjurations   | |  1.6

Action                   || total
-------------------------++-------
Melee: Short sword       ||    12
       Dagger            ||     2
 Cast: Foxfire           ||    63
       Scorch            ||    10
  Use: Scroll            ||     3
       Potion            ||     1
Armor: Robe              ||     3
Dodge: Dodged            ||    34

Table legend: (Time is in decaauts)
 A = Elapsed time spent in this place.
 B = Non-inter-level travel time spent in this place.
 C = Inter-level travel time spent in this place.
 D = Time resting spent in this place.
 E = Time spent auto-exploring this place.
 F = Levels seen in this place.
 G = Mean time per level.
                   A        B        C        D        E       F      G
               +--------+--------+--------+--------+--------+-----+--------+
         Total |   1957 |   1826 |    131 |      0 |   1571 |   2 |  978.5 |
       Dungeon |   1957 |   1826 |    131 |      0 |   1571 |   2 |  978.5 |
               +--------+--------+--------+--------+--------+-----+--------+

Top non-repeatable levels by time:
     D:1: 1803 daAuts
     D:2: 154 daAuts
